 Dungeon Crawl Stone Soup version 0.27-a0-668-gb5737ff2c0 (webtiles) character file.

Game seed: 8222163178250703673

2943 rageheart7 the Grappler (level 9, -8/85 HPs)
             Began as a Troll Monk on Mar 17, 2021.
             Was an Initiate of Ru.
             Mangled by a gnoll sergeant
             ... wielding a +0 halberd
              (18 damage)
             ... in a bailey.
             The game lasted 00:11:40 (6252 turns).

rageheart7 the Grappler (Troll Monk)                Turns: 6252, Time: 00:11:42

Health: -8/85      AC:  7    Str: 23    XL:     9   Next: 51%
Magic:  8/8        EV:  5    Int:  6    God:    Ru [......]
Gold:   426        SH:  0    Dex: 13    Spells: 8/8 levels left

rFire    + . .     SeeInvis .     - Unarmed
rCold    . . .     Faith    .   (no shield)
rNeg     + . .     Spirit   .   z - +1 robe {rF+}
rPois    .         Reflect  .   (helmet restricted)
rElec    .         Harm     .   A - +1 cloak
rCorr    .         Rampage  .   (gloves unavailable)
Will     +....                  (boots unavailable)
Stlth    +++.......             n - amulet of regeneration
HPRegen  2.24/turn              a - ring of Wiucesiz {Wiz rN+ Stlth+}
MPRegen  0.11/turn              o - ring of willpower

@: held
A: large, unfitting armour, claws 3, regeneration 1, screaming 1, shaggy fur 1,
tough skin 1
a: Renounce Religion


You were in a bailey.
You worshipped Ru.
Ru was noncommittal.
You visited 2 branches of the dungeon, and saw 9 of its levels.
You also visited: Ossuary and Bailey.

You collected 426 gold pieces.

Inventory:

Hand Weapons
 k - a +1 giant spiked club
 w - a +2 whip of flaming
Armour
 z - a +1 robe of fire resistance (worn)
 A - a +1 cloak (worn)
Jewellery
 a - the ring of Wiucesiz (right claw) {Wiz rN+ Stlth+}
   (You acquired it in a bailey)

   [ring of wizardry]

   It improves your spell success rate.
   It protects you from negative energy.
   It makes you more stealthy.
 h - a ring of magical power
 n - an amulet of regeneration (around neck)
 o - a ring of willpower (left claw)
Wands
 i - a wand of random effects (5)
 q - a wand of charming (6)
 v - a wand of digging (6)
 x - a wand of iceblast (8)
Scrolls
 b - 2 scrolls of teleportation
 f - 2 scrolls of blinking
 g - 2 scrolls of silence
 m - a scroll of magic mapping
Potions
 c - 2 potions of might
 d - a potion of attraction {unknown}
 e - a potion of lignification
 j - 3 potions of brilliance
 l - a potion of berserk rage {unknown}
 p - a potion of flight {unknown}
 r - a potion of heal wounds
 s - 2 potions of haste {unknown}
 t - a potion of degeneration {unknown}
 u - 3 potions of curing


   Skills:
 * Level 4.7 Fighting
 - Level 2.4 Dodging
 - Level 1.0 Stealth
 * Level 12.3 Unarmed Combat
 + Level 0.3 Evocations


You had 8 spell levels left.
You didn't know any spells.
Your spell library contained the following spells:

 Spells                   Type           Power      Damage    Failure   Level
 Corona                   Hex            0%         N/A       21%         1
 Ensorcelled Hibernation  Hex/Ice        0%         N/A       28%         2
 Confusing Touch          Hex            0%         N/A       50%         3
 Dazzling Flash           Conj/Hex       0%         N/A       50%         3
 Tukima's Dance           Hex            0%         N/A       50%         3


Dungeon Overview and Level Annotations

Branches:
Dungeon (8/15)             Temple (1/1) D:6            Lair (0/6) D:8
Ossuary (visited)          Bailey (1/1)

Altars:
Ashenzari
Cheibriados
Dithmenos
Elyvilon
Fedhas
Gozag
Hepliaklqana
Kikubaaqudgha
Makhleb
Nemelex Xobeh
Okawaru
Qazlal
Ru
Sif Muna
Trog
Uskayaw
Vehumet
Wu Jian
Xom
Yredelemnul
Zin
The Shining One

Shops:
D:8 *


Innate Abilities, Weirdness & Mutations

You are too large for most types of armour.
You have claws for hands.
Your natural rate of healing is unusually fast.
You occasionally shout uncontrollably at your foes.
You are covered in fur. (AC +1)
You have tough skin. (AC +1)


Message History

The gnoll hits you but does no damage.
The gnoll shaman hits you from afar with a +0 trident.
You scratch the gnoll sergeant.
The gnoll sergeant is lightly wounded.
Your gnoll hits the gnoll sergeant but does no damage.
The gnoll sergeant hits you with a +0 halberd!
The gnoll sergeant hits you with a +0 halberd.
The gnoll hits you from afar with a +0 spear!
You claw the gnoll sergeant!
The gnoll sergeant is severely wounded.
The gnoll shaman hits you from afar with a +0 trident!
Your gnoll barely misses the gnoll sergeant.
Your gnoll closely misses the gnoll sergeant.
The gnoll sergeant hits you with a +0 halberd!
The gnoll closely misses you.
The gnoll sergeant hits you with a +0 halberd!
* * * LOW HITPOINT WARNING * * *
You swap places.
Your gnoll dissolves into shadows!
The gnoll shaman closely misses you.
Your gnoll hits the gnoll sergeant but does no damage.
The gnoll sergeant hits your gnoll from afar with a +0 halberd!
Your gnoll dies!
Your gnoll's corpse dissolves into shadows!
The gnoll throws a throwing net.
The throwing net hits you.
You become entangled in the net!
The gnoll sergeant barely misses you.
You see here a throwing net.
You struggle against the net.
Your gnoll dissolves into shadows!
The gnoll shaman hits you from afar with a +0 trident!
* * * LOW HITPOINT WARNING * * *
The gnoll sergeant barely misses you.
The gnoll sergeant hits you but does no damage.
You tear a large gash into the net.
The gnoll shaman hits you from afar with a +0 trident!
* * * LOW HITPOINT WARNING * * *
Your gnoll hits the gnoll sergeant from afar with a +0 spear.
The gnoll sergeant closely misses you.
The gnoll sergeant hits you from afar with a +0 halberd!!
You die...

≈≈≈≈≈≈≈.†.≈≈≈≈≈≈≈
≈......)........≈
.........).......
.######'''######.
#)..# #...# #.g.#
##'## ##g@g##
#...).# #..gggg.#
#..$8$..#
#.......#
##.....## ##...##
##+##


You could see 2 gnoll sergeants, a gnoll shaman, a gnoll and 3 friendly gnolls.

Vanquished Creatures
  Pikel (D:7)
  2 black bears
  An orc warrior (D:3)
  An ice beast (D:6)
  A centaur (D:8)
  A lemure (D:7)
  4 ogres
  A phantom (D:4)
  Blork the orc (D:5)
  An elf zombie (Ossuary)
  A kobold brigand (D:7)
  3 bullfrogs
  A scorpion (D:6)
  A howler monkey (D:6)
  4 crimson imps (D:5)
  A jelly (D:8)
  5 hounds
  Crazy Yiuf (D:7)
  4 orc priests
  A centaur skeleton (D:6)
  3 human zombies (Ossuary)
  4 iguanas
  An orc wizard (D:4)
  4 worker ants
  2 mummies (Ossuary)
  4 gnolls (Bailey)
  12 adders
  An ufetubus (D:8)
  2 oozes
  An adder zombie (Ossuary)
  3 worms (D:2)
  4 dart slugs
  3 leopard geckos
  15 orcs
  5 giant cockroaches
  10 goblins
  4 hobgoblins
  12 jackals
  8 kobolds
  2 quokkas
  10 bats
  13 frilled lizards
  15 hobgoblin zombies (Ossuary)
  A jackal zombie (Ossuary)
  8 kobold zombies (Ossuary)
  4 orc zombies (Ossuary)
  9 rats
  4 rat zombies (Ossuary)
200 creatures vanquished.

Vanquished Creatures (collateral kills)
  A gnoll (Bailey)
1 creature vanquished.

Grand Total: 201 creatures vanquished

Notes
Turn   | Place    | Note
-------+----------+-------------------------------------------
     0 | D:1      | rageheart7 the Troll Monk began the quest for the Orb.
     0 | D:1      | Reached XP level 1. HP: 22/22 MP: 0/0
   144 | D:1      | Reached XP level 2. HP: 29/29 MP: 1/1
   614 | D:1      | Reached XP level 3. HP: 37/37 MP: 2/2
   871 | D:2      | Reached skill level 4 in Unarmed Combat
  1038 | D:2      | Reached XP level 4. HP: 41/45 MP: 3/3
  1729 | D:3      | Reached skill level 5 in Unarmed Combat
  1760 | D:3      | Found a shimmering blue altar of Sif Muna.
  1814 | D:3      | Reached XP level 5. HP: 53/53 MP: 4/4
  2223 | D:4      | Found a glowing golden altar of the Shining One.
  2249 | D:4      | Noticed an ogre
  2288 | D:4      | Killed an ogre
  2289 | D:4      | Reached skill level 6 in Unarmed Combat
  2289 | D:4      | Reached XP level 6. HP: 24/61 MP: 5/5
  2535 | D:4      | Noticed an orc warrior
  2613 | D:3      | Killed an orc warrior
  2614 | D:3      | Reached skill level 7 in Unarmed Combat
  2676 | D:4      | Reached XP level 7. HP: 67/67 MP: 6/6
  2909 | D:4      | Reached skill level 8 in Unarmed Combat
  3015 | D:5      | Entered Level 5 of the Dungeon
  3043 | D:5      | Found a glowing silver altar of Zin.
  3135 | D:5      | Noticed Blork the orc
  3150 | D:5      | Killed Blork the orc
  3240 | D:5      | Found a hazy altar of Hepliaklqana.
  3291 | D:5      | Reached skill level 9 in Unarmed Combat
  3293 | D:5      | Found a shimmering altar of Xom.
  3771 | D:6      | Reached XP level 8. HP: 78/78 MP: 7/7
  3829 | D:6      | Found a sand-covered staircase.
  3835 | Ossuary  | Entered an ossuary
  4154 | D:6      | Reached skill level 10 in Unarmed Combat
  4239 | D:6      | Found a staircase to the Ecumenical Temple.
  4822 | Temple   | Entered the Ecumenical Temple
  4969 | Temple   | Became a worshipper of Ru the Awakened
  4988 | D:6      | Gained mutation: You occasionally shout uncontrollably at
                  | your foes. [Ru sacrifice]
  5055 | D:7      | Noticed Pikel
  5072 | D:7      | Killed Pikel
  5073 | D:7      | Reached skill level 11 in Unarmed Combat
  5073 | D:7      | Reached XP level 9. HP: 85/85 MP: 8/8
  5185 | D:7      | Found a broken altar of Ashenzari.
  5186 | D:7      | Found a hide-covered altar of Uskayaw.
  5232 | D:7      | Found a runed translucent door.
  5233 | D:7      | Noticed Crazy Yiuf
  6037 | D:7      | Killed Crazy Yiuf
  6132 | D:8      | Found Welo's Lightly-Used Armoury.
  6137 | D:8      | Reached skill level 12 in Unarmed Combat
  6152 | D:8      | Found a flagged portal.
  6170 | D:8      | Identified the +1 spear "Tueblauc" {speed, *Corrode rF++
                  | MP+9}
  6179 | Bailey   | Entered a bailey
  6225 | Bailey   | Identified a scroll of acquirement
  6225 | Bailey   | Acquired the ring of Wiucesiz {Wiz rN+ Stlth+}
  6252 | Bailey   | Mangled by a gnoll sergeant

Illustrated notes

Levels and vault maps discovered:
D:1:      lightli_arrival_maybe_door_vault, layout_basic, minivault_14
D:2:      layout_loops_ring
D:3:      layout_basic, led_sif_book
D:4:      layout_gridville, tso_metal_star
D:5:      layout_basic, zin_academy, led_xom_imps, kennysheep_mini_moat,
          uniq_blork_the_orc
D:6:      layout_gridville, minmay_temple_entry_mist, nicolae_ossuary_entry_plus
D:7:      layout_basic, gammafunk_temple_overflow_statue, kennysheep_diamond,
          uniq_pikel, uniq_crazy_yiuf_cottage
D:8:      layout_layer_cave, due_lair_maze_entry_diamond, basic_altar,
          enter_bailey_2, minmay_shop_damaged, uniq_joseph
Temple:   regret_index_temple_sphere_string
Bailey:   bailey_polearm_gnolls_kennysheep, bailey

Skill      XL: |  1  2  3  4  5  6  7  8  9 |
---------------+----------------------------+-----
Fighting       | 3 4 |  4.7
Unarmed Combat | 4 5 6 7 9 11 12 | 12.3
Dodging        | |  2.4
Stealth        | |  1.0
Evocations     | |  0.3

Action                   |  1- 3 |  4- 6 |  7- 9 || total
-------------------------+-------+-------+-------++-------
Melee: Unarmed           |   131 |   153 |   295 ||   579
       Punch             |     1 |       |    20 ||    21
Invok: Sacrifice Purity  |       |       |     1 ||     1
Evoke: Wand              |       |     2 |       ||     2
  Use: Scroll            |       |     4 |    13 ||    17
       Potion            |       |       |     2 ||     2
 Stab: Sleeping          |     3 |     2 |     1 ||     6
Armor: Robe              |    55 |    35 |    67 ||   157
       Skin              |       |       |     3 ||     3
Dodge: Dodged            |    68 |    77 |   124 ||   269

Table legend: (Time is in decaauts)
 A = Elapsed time spent in this place.
 B = Non-inter-level travel time spent in this place.
 C = Inter-level travel time spent in this place.
 D = Time resting spent in this place.
 E = Time spent auto-exploring this place.
 F = Levels seen in this place.
 G = Mean time per level.
                   A        B        C        D        E       F      G
               +--------+--------+--------+--------+--------+-----+--------+
         Total |   6174 |   5771 |    403 |    106 |   4334 |  11 |  561.3 |
       Dungeon |   5726 |   5343 |    383 |     89 |   4100 |   8 |  715.8 |
        Temple |    160 |    140 |     20 |      0 |    136 |   1 |  160.0 |
       Ossuary |    221 |    221 |      0 |      0 |     93 |   1 |  221.0 |
        Bailey |     66 |     66 |      0 |     17 |      5 |   1 |   66.0 |
               +--------+--------+--------+--------+--------+-----+--------+

Top non-repeatable levels by time:
     D:7: 1057 daAuts
     D:3: 880 daAuts
     D:6: 841 daAuts
     D:5: 742 daAuts
     D:2: 713 daAuts
     D:4: 708 daAuts
     D:1: 687 daAuts
 Ossuary: 221 daAuts
  Temple: 160 daAuts
     D:8: 95 daAuts
  Bailey: 66 daAuts
